 Dungeon Crawl Stone Soup version 0.23-a0-643-g9ccc95a (webtiles) character file.

150 galech the Covered (level 5, -7/41 HPs)
             Began as a Demonspawn Fighter on Dec 31, 2018.
             Killed by divine providence
             ... invoked by an orc priest
              (13 damage)
             ... on level 3 of the Dungeon.
             The game lasted 00:02:12 (2327 turns).

galech the Covered (Demonspawn Fighter)             Turns: 2327, Time: 00:02:14

Health: -7/41      AC:  8    Str: 16    XL:     5   Next: 10%
Magic:  5/5        EV:  9    Int:  9    God:
Gold:   94         SH:  0    Dex: 14    Spells: 4/4 levels left

rFire    . . .     SeeInvis .   a - +0 war axe
rCold    . . .     Gourm    .   c - +0 shield
rNeg     . . .     Faith    .   b - +0 scale mail
rPois    .         Spirit   .   (no helmet)
rElec    .         Reflect  .   (no cloak)
rCorr    .         Harm     .   (no gloves)
MR       .....                  q - +0 pair of boots
Stlth    ..........             (no amulet)
HPRegen  0.13/turn              (no ring)
MPRegen  0.09/turn              (no ring)

@: confused
A: repulsion field 1, demonic guardian 1, spiny 1
a: no special abilities


You were on level 3 of the Dungeon.
You were not hungry.

You visited 1 branch of the dungeon, and saw 3 of its levels.

You collected 94 gold pieces.

Inventory:

Hand Weapons
 a - a +0 war axe (weapon)
Armour
 b - a +0 scale mail (worn)
 c - a +0 shield (worn)
 q - a +0 pair of boots (worn)
Scrolls
 h - a scroll of random uselessness {unknown}
 i - 3 scrolls of identify {unknown}
 j - a scroll of teleportation {unknown}
 k - 2 scrolls of fear {unknown}
 l - a scroll of blinking {unknown}
 n - a scroll of remove curse {unknown}
 o - a scroll of enchant weapon {unknown}
Potions
 d - a potion of might
 e - a potion of lignification {unknown}
 g - a potion of brilliance {unknown}
 m - a potion of curing {unknown}
 p - 3 potions of degeneration {unknown}
 r - a potion of heal wounds {unknown}
Comestibles
 f - 9 rations
 s - 6 chunks of flesh


   Skills:
 + Level 3.3 Fighting
 + Level 3.1 Axes
 + Level 3.5 Armour
 + Level 1.0 Dodging
 + Level 0.3 Stealth
 + Level 3.4 Shields


You had 4 spell levels left.
You didn't know any spells.
Your spell library was empty.

Dungeon Overview and Level Annotations

Branches:
Dungeon (3/15)

Altars:


Innate Abilities, Weirdness & Mutations

You are surrounded by a mild repulsion field. (EV +2)
A weak demonic guardian rushes to your aid.
You are partially covered in sharp spines.


Message History

The orc priest invokes the aid of Beogh against you.
Beogh smites you!
The orc wizard hits you but does no damage.
Your quasit bites the orc wizard.
Your quasit claws the orc wizard but does no damage.
Your quasit barely misses the orc wizard.
The orc priest mumbles some strange prayers to Beogh against you.
Beogh smites you!
* * * LOW HITPOINT WARNING * * *
The orc wizard hits you but does no damage.
You're too confused to move!
Your quasit bites the orc wizard but does no damage.
Your quasit claws the orc wizard.
Your quasit misses the orc wizard. The orc wizard barely misses you.
The orc wizard mumbles some strange words.
The orc wizard flickers and vanishes!
Deactivating autopickup; reactivate with Ctrl-A.
The orc priest calls down the wrath of Beogh upon you.
Beogh smites you!
You die...

#.....### #. #####
#####.......## #. #...#
##......####..# #.
#...###..######..##.###.
+.......##..##....#.....
#...#####....'....######
###.## #....##b.## #
#..#####..###'#+ #
##.##@.#'## ..# #
#.'.o{o## ?.gb #
#.#5.5.#


o.KK. # #.##..##).b8oh) # #..##+##$.o..o$ # ... ##...o.## ... #...# #.. You
could see an orc priest, an orc wizard, a friendly quasit and a friendly shadow
imp.

Vanquished Creatures
  Natasha (twice) (D:2)
  3 adders
  2 oozes
  A leopard gecko (D:2)
  3 orcs (D:3)
  3 giant cockroaches
  3 hobgoblins (D:1)
  A quokka (D:3)
  2 bats (D:1)
  5 frilled lizards
  8 goblins
  3 kobolds
  8 rats
44 creatures vanquished.

Vanquished Creatures (collateral kills)
  Natasha (D:2)
1 creature vanquished.

Grand Total: 45 creatures vanquished

Notes
Turn   | Place    | Note
-------+----------+-------------------------------------------
     0 | D:1      | galech the Demonspawn Fighter began the quest for the Orb.
     0 | D:1      | Reached XP level 1. HP: 18/18 MP: 1/1
   349 | D:1      | Gained mutation: You are surrounded by a mild repulsion
                  | field. (EV +2) [demonic ancestry]
   349 | D:1      | Reached XP level 2. HP: 19/24 MP: 2/2
  1210 | D:2      | Gained mutation: You are partially covered in sharp spines.
                  | [demonic ancestry]
  1210 | D:2      | Reached XP level 3. HP: 29/29 MP: 3/3
  1456 | D:2      | Noticed Natasha
  1465 | D:2      | Killed Natasha
  1465 | D:2      | Gained mutation: A weak demonic guardian rushes to your
                  | aid. [demonic ancestry]
  1465 | D:2      | Reached XP level 4. HP: 23/35 MP: 4/4
  1808 | D:2      | Noticed Natasha
  1818 | D:2      | Killed Natasha
  2013 | D:2      | Noticed Natasha
  2025 | D:2      | Killed Natasha
  2242 | D:3      | Reached XP level 5. HP: 41/41 MP: 5/5
  2255 | D:3      | Reached skill level 1 in Dodging
  2327 | D:3      | Killed from afar by an orc priest

Vault maps used:
D:1:      dpeg_arrival_boxes_within_box
D:2:      uniq_natasha
D:3:      minmay_bubble_buster, minivault_14, tso_altar, uniq_robin,
          uniq_terence

Skill      XL: |  1  2  3  4  5 |
---------------+----------------+-----
Armour         | 3 |  3.5
Axes           | 2 3 |  3.1
Shields        | 3 |  3.4
Dodging        | 1 |  1.0
Fighting       | |  3.3
Stealth        | |  0.3

Action                   |  1- 3 |  4- 6 || total
-------------------------+-------+-------++-------
Melee: War axe           |    93 |    47 ||   140
 Stab: Distracted        |       |     1 ||     1
  Eat: Chunk             |     2 |     3 ||     5
Armor: Scale mail        |    52 |    10 ||    62
Dodge: Dodged            |    36 |    10 ||    46
Block: Shield            |    43 |    24 ||    67

Table legend:
 A = Non-vault XP
 B = Vault XP
 C = Vault XP percentage of total XP
 D = Non-vault monster count
 E = Vault monster count
 F = Vault count percentage of total count
                 A         B        C        D         E       F
            +---------+---------+-------+---------+---------+-------
      Total |     152 |      63 |  29.3 |      38 |       7 |  15.6
            +---------+---------+-------+---------+---------+-------
        D:1 |      34 |       0 |   0.0 |      21 |       0 |   0.0
        D:2 |     108 |      36 |  25.0 |      13 |       1 |   7.1
        D:3 |      10 |      27 |  73.0 |       4 |       6 |  60.0
            +---------+---------+-------+---------+---------+-------
